 Dungeon Crawl Stone Soup version 0.27.0-1-g7a089689b8 (webtiles) character file.

Game seed: 7825613621482402322

28081 Sobieck the Destroyer (level 13, -3/90 HPs)
             Began as a Pale Draconian Conjurer on Aug 4, 2021.
             Was an Elder of Hepliaklqana.
             Slain by a death yak (25 damage)
             ... on level 3 of the Lair of Beasts.
             The game lasted 00:47:42 (15295 turns).

Sobieck the Destroyer (Pale Draconian Conjurer)    Turns: 15295, Time: 00:47:43

Health: -3/90      AC: 10    Str: 11    XL:     13   Next: 7%
Magic:  16/32      EV: 12    Int: 23    God:    Hepliaklqana [****..]
Gold:   710        SH:  9    Dex:  9    Spells: 16/26 levels left

rFire    . . .     SeeInvis .   V - +7 Singing Sword {vorpal, sonic wave}
rCold    . . .     Faith    .   o - +0 buckler
rNeg     + . .     Spirit   .   (armour unavailable)
rPois    .         Reflect  +   (helmet restricted)
rElec    .         Harm     .   w - scarf {shadows}
rCorr    .         Rampage  .   (no gloves)
Will     .....                  K - +1 pair of boots
Stlth    ++........             Q - amulet of reflection
HPRegen  0.25/turn              l - ring of magical power
MPRegen  0.23/turn              L - ring of positive energy

@: short of breath, studying 2 skills
A: reduced essence, breathe steam, AC +8, unfitting armour, cold-blooded, steam
resistance
a: Breathe Steam, Renounce Religion, Recall Ancestor, Ancestor Identity,
Transference, Idealise


You were on level 3 of the Lair of Beasts.
You worshipped Hepliaklqana.
Hepliaklqana was greatly pleased with you.
You visited 3 branches of the dungeon, and saw 13 of its levels.

You collected 710 gold pieces.


Innate Abilities, Weirdness & Mutations

Your life essence is reduced to manifest your ancestor. (-10% HP)
You can breathe blasts of scalding, opaque steam.
Your pale cyan-grey scales are hard. (AC +8)
You cannot fit into any form of body armour.
You are cold-blooded and may be slowed by cold attacks.
You are immune to the effects of steam.


   Skills:
 - Level 5.0 Fighting
 + Level 13.1 Long Blades
 - Level 3.0 Dodging
 - Level 1.7 Stealth
 - Level 4.0 Shields
 - Level 7.0 Spellcasting
 - Level 13.3 Conjurations
 - Level 6.0 Hexes
 - Level 3.0 Translocations


You had 16 spell levels left.
You knew the following spells:

 Your Spells              Type           Power      Damage    Failure   Level
b - Searing Ray           Conj           100%       3d7       1%          2
c - Fulminant Prism       Conj/Hex       25%        3d14      1%          4
d - Iskenderun's Mystic   Conj/Tloc      45%        2d10      2%          4

Your spell library contained the following spells:

 Spells                   Type           Power      Damage    Failure   Level
 Magic Dart               Conj           100%       1d8       1%          1
 Shock                    Conj/Air       100%       1d9       1%          1
 Dazzling Flash           Conj/Hex       100%       N/A       1%          3
 Pain                     Necr           32%        1d5       8%          1
 Swiftness                Air            8%         N/A       22%         3
 Airstrike                Air            4%         N/A       58%         4
 Agony                    Necr           8%         N/A       91%         5
 Excruciating Wounds      Necr           4%         N/A       91%         5

Inventory:

Hand Weapons
 V - the +7 Singing Sword (weapon) {vorpal, sonic wave}
   (You found it on level 9 of the Dungeon)

   It inflicts extra damage upon your enemies.
   It radiates damaging sonic waves as it strikes, especially in combat
   involving dangerous or numerous foes.
 W - a +0 scimitar of flaming {long}
   (You took it off Erica on level 9 of the Dungeon)
Missiles
 g - 257 stones (quivered) {throwing}
 k - 167 arrows
 p - 43 bolts
 r - 22 poisoned darts {throwing}
 I - 9 boomerangs {throwing}
 J - 2 throwing nets {=f!fthrowing}
 N - 65 sling bullets
Armour
 o - a +0 buckler (worn)
   (You found it on level 2 of the Dungeon)
 w - a scarf of shadows (worn)
   (You found it on level 9 of the Dungeon)
 K - a +1 pair of boots (worn)
   (You found it on level 6 of the Dungeon)
Magical Staves
 e - a staff of fire {!astaff}
   (You found it on level 2 of the Lair of Beasts)
 i - a staff of conjuration {!a@e2staff}
   (You found it on level 2 of the Lair of Beasts)
Jewellery
 b - a ring of see invisible
   (You found it on level 2 of the Lair of Beasts)
 d - a ring of magical power
   (You found it on level 2 of the Lair of Beasts)
 l - a ring of magical power (left hand)
   (You found it on level 2 of the Dungeon)
 n - an amulet of regeneration {@e2}
   (You found it on level 2 of the Dungeon)
 H - the ring "Wegosy" {Fire Int+4 Dex+5}
   (You found it on level 1 of the Lair of Beasts)

   [ring of fire]

   It enhances your fire magic.
   Int:       It affects your intelligence (+4).
   Dex:       It affects your dexterity (+5).
   rF:        It protects you from fire.
   rC:        It makes you vulnerable to cold.
 L - a ring of positive energy (right hand)
   (You found it on level 7 of the Dungeon)
 Q - an amulet of reflection (around neck)
   (You found it on level 8 of the Dungeon)
 T - a ring of ice
   (You took it off Fannar on level 1 of the Lair of Beasts)
 Y - a ring of fire
   (You found it on level 1 of the Lair of Beasts)
 Z - a ring of fire
   (You found it on level 1 of the Lair of Beasts)
Wands
 z - a wand of flame (14)
   (You found it on level 4 of the Dungeon)
 G - a wand of paralysis (25)
   (You took it off Ijyb on level 5 of the Dungeon)
 O - a wand of acid (7)
   (You found it on level 7 of the Dungeon)
 X - a wand of charming (11)
   (You took it off Erica on level 9 of the Dungeon)
Scrolls
 f - 8 scrolls of identify {@r1}
 h - 2 scrolls of immolation {!r!r}
 m - 8 scrolls of teleportation {@r4}
Potions
 a - a potion of mutation {!q}
 c - 4 potions of curing {@q1}
 j - a potion of brilliance {unknown}
 q - a potion of attraction {!q}
 t - a potion of flight {unknown}
 u - 2 potions of magic
 v - a potion of degeneration {unknown}
 x - 2 potions of might {unknown}
 A - 5 potions of resistance
 B - a potion of invisibility
 C - 3 potions of haste {@q3}
 R - 2 potions of ambrosia {unknown}

Dungeon Overview and Level Annotations

Branches:
Dungeon (9/15)             Temple (1/1) D:5            Lair (3/6) D:9
  Swamp: Lair:2-4    Shoals: Lair:2-4     Snake: Lair:2-4    Spider: Lair:2-4
    Orc: D:9-12

Altars:
Ashenzari
Cheibriados
Dithmenos
Elyvilon
Fedhas
Gozag
Hepliaklqana
Kikubaaqudgha
Makhleb
Nemelex Xobeh
Okawaru
Qazlal
Ru
Sif Muna
Trog
Uskayaw
Vehumet
Wu Jian
Xom
Yredelemnul
Zin
The Shining One

Annotations:
D:5 1 runed translucent door, Crazy Yiuf
D:9 1 runed translucent door, robertstho's ghost, journeyman DjFE

####..#.P####.##.####.P♣≈♣≈...###
........................≈≈≈P.....
........................P≈..#.#..
P#.#.........................####
....#............##.##.##......#
....#............########...#..^P
....#............# #.......P≈
....#...####.#.#.## ##...##.≈≈
....P...# ####.@.# #...##.≈≈
<.......### ##Y## #...##.≈P
.........P# ##..# #...#..♣≈
.........# #...# #........
........## ##.## #........
#.......P## ####.# #.....###
..........###.##§########.....##
#....P.............##.#........#
...#.#......#.................##


You could see a death yak.


Message History

Your fulminant prism crackles loudly.
The blast of energy engulfs the death yak!
Hank avoids your attack.
Unknown command.
Casting: Fulminant Prism (dangerous; 1% risk of failure)
Confirm with . or Enter, or press ? or * to list all spells.
Aiming: Fulminant Prism (dangerous; 1% risk of failure)
Press: ? - help, Dir - move target You conjure a prism of explosive energy!
A fulminant prism comes into view.
Hank casts a spell at the death yak.
The stone arrow hits the death yak.
The cane toad stings you.
A black mamba comes into view.
Something gores Hank!
Hank is destroyed!
Your fulminant prism crackles loudly.
The cane toad stings you.
The blast of energy engulfs the death yak!!
The death yak bellows!
The blast of energy engulfs the cane toad!!
Casting: Fulminant Prism (dangerous; 1% risk of failure)
Confirm with . or Enter, or press ? or * to list all spells.
Aiming: Fulminant Prism (dangerous; 1% risk of failure)
Press: ? - help, Dir - move target You conjure a prism of explosive energy!
The death yak bellows!
A fulminant prism comes into view.
The cane toad stings you. The black mamba bites you.
You are poisoned.
The black mamba poisons you!
Your fulminant prism crackles loudly.
You feel very sick. You block the black mamba's attack.
The blast of energy engulfs the cane toad!!!
You kill the cane toad!
The blast of energy engulfs the death yak!!
You kill the death yak!
You have reached level 13!
You hit the black mamba.
You feel very sick. The black mamba closely misses you.
The black mamba bites you!
* * * LOW HITPOINT WARNING * * *
Unknown command.
You miss the black mamba.
Your tail-slap misses the black mamba.
You feel very sick. The black mamba misses you.
Unknown command.
You hit the black mamba.
The Singing Sword yells, "Steel will triumph where flesh falters!"
You send a blast of sound all around you.
The plant, the black mamba and the death yak are blasted.
The plant begins to die.
You feel sick. You block the black mamba's attack.
The black mamba barely misses you.
Unknown command.
You barely miss the black mamba.
You feel sick. You block the black mamba's attack.
Unknown command.
You slash the black mamba!
You feel sick. You block the black mamba's attack. x2
Unknown command.
You slash the black mamba!
The Singing Sword hisses, "Let's hear you complain about my singing with your throat slit!"
You send a blast of sound all around you.
The plant and the death yaks are blasted.
You kill the black mamba!
You feel sick.
You feel sick.
You feel sick.
A nearby plant withers and dies.
You feel sick.
You feel sick.
You feel sick.
You are no longer poisoned.
Okay, then.
Press: ? - help, Shift-Dir - straight line, f - death yak
Aim: a death yak (severely wounded)
You exhale a blast of scalding steam.
The ball of steam hits the death yak.
You hit the death yak. You block the death yak's attack.
Unknown command.
You hit the death yak.
The Singing Sword whistles loudly.
You send a blast of sound all around you.
The death yaks are blasted.
You kill the death yak!
You have got your breath back.
Your Long Blades skill increases to level 13!
Unknown command.
Press: ? - help, Shift-Dir - straight line, f - death yak
Aim: a death yak (heavily wounded)
You exhale a blast of scalding steam.
The death yak is engulfed in a cloud of scalding steam.
Casting: Fulminant Prism (mildly dangerous; 1% risk of failure)
Confirm with . or Enter, or press ? or * to list all spells.
Aiming: Searing Ray (safe; 1% risk of failure)
Press: ? - help, Shift-Dir - straight line, f/p - death yak
Aim: a death yak (severely wounded, 94% to hit)
The searing ray hits the death yak but does no damage. (Press . to maintain the ray.)
The searing ray hits the death yak!
The death yak gores you!!
You die...

Skill      XL: |  1  2  3  4  5  6  7  8  9 10 11 12 13 |
---------------+----------------------------------------+-----
Conjurations   | 5 6 8 10 11 12 13 | 13.3
Spellcasting   | 3 4 5 6 7 |  7.0
Hexes          | 1 2 4 5 6 |  6.0
Dodging        | 2 3 |  3.0
Fighting       | 3 4 5 |  5.0
Translocations | 3 |  3.0
Shields        | 2 4 |  4.0
Long Blades    | 1 10 12 13 | 13.1
Stealth        | |  1.7

Action                   |  1- 3 |  4- 6 |  7- 9 | 10-12 | 13-15 || total
-------------------------+-------+-------+-------+-------+-------++-------
Melee: Unarmed           |     8 |       |       |       |       ||     8
       Spear             |     5 |       |       |       |       ||     5
       Double sword      |       |       |       |    67 |     8 ||    75
       Tailslap          |       |       |       |     4 |       ||     4
 Fire: Hunting sling     |    31 |    46 |    27 |     2 |       ||   106
 Cast: Magic Dart        |    37 |       |       |       |       ||    37
       Searing Ray       |     8 |    33 |    30 |    46 |     1 ||   118
       Fulminant Prism   |       |       |     2 |    33 |       ||    35
       Iskenderun's Myst |       |       |       |     2 |       ||     2
Invok: Ancestor Identity |       |       |     1 |       |       ||     1
       Recall Ancestor   |       |       |       |     2 |       ||     2
       Ancestor Life: Ba |       |       |       |     1 |       ||     1
       Transference      |       |       |       |     1 |       ||     1
 Abil: Breathe Steam     |       |       |    42 |    69 |     2 ||   113
Evoke: Wand              |       |       |       |     1 |       ||     1
  Use: Scroll            |       |       |       |    13 |       ||    13
       Potion            |       |       |       |     1 |       ||     1
 Stab: Sleeping          |     1 |       |       |       |       ||     1
Armor: Skin              |     6 |     7 |     6 |    26 |       ||    45
Dodge: Dodged            |    16 |     7 |    14 |    43 |     3 ||    83
Block: Other             |       |       |       |     2 |       ||     2
       Buckler           |       |       |       |    20 |     5 ||    25
       Rpst.: Double sword |       |       |       |    14 |       ||    14

Levels and vault maps discovered:
D:1:      shiori_arrival_oz, layout_basic, shapermc_ecumenical_altar_notcrosses,
          serial_park_tiny_2
D:2:      layout_loops_ring, minmay_tree_intersection
D:3:      layout_loops_ring, gup_sewer_entry_bowl
D:4:      layout_basic
D:5:      layout_loops_corners, temple_pool_b, minmay_manual_maat, uniq_ijyb,
          uniq_crazy_yiuf_cottage
D:6:      layout_loops_ring, mainiacjoe_overflow_brackets, sigmund_army
D:7:      layout_cave_pods, mainiacjoe_overflow_tiny_flanked, kennysheep_dice
D:8:      layout_basic, nicolae_overflow_hidden_temple, enter_bailey_2,
          minmay_manual_monolith
D:9:      old_forge, layout_basic, lair_entry_dummy,
          hellmonk_ghost_happy_afterlife, corexii_hall_statues_deadend,
          hellmonk_guarded_unrand_night, uniq_erica
Temple:   regret_index_temple_mists
Lair:1:   layout_layer_cave, serial_bayou_shore_a, lemuel_fruit_tree,
          uniq_fannar
Lair:2:   layout_cave_pods, lemuel_fruit_fields
Lair:3:   layout_chaotic_city, elwin_shoals_entry_rooms, serial_bayou,
          serial_bayou_pond_d, serial_bayou_crossing, serial_bayou_pond_c,
          serial_bayou_pond_b, grunt_megastairs_2, infiniplex_staircase_pool

Notes
Turn   | Place    | Note
-------+----------+-------------------------------------------
     0 | D:1      | Sobieck the Draconian Conjurer began the quest for the Orb.
     0 | D:1      | Reached XP level 1. HP: 14/14 MP: 3/3
   293 | D:1      | Reached XP level 2. HP: 20/20 MP: 3/5
   322 | D:1      | Learned a level 2 spell: Searing Ray
   878 | D:1      | Reached XP level 3. HP: 26/26 MP: 6/6
   883 | D:1      | Found a faded altar of an unknown god.
  2032 | D:3      | Reached skill level 5 in Conjurations
  2034 | D:3      | Reached XP level 4. HP: 33/33 MP: 8/8
  2043 | D:3      | Learned a level 4 spell: Fulminant Prism
  2286 | D:3      | Reached skill level 3 in Spellcasting
  3014 | D:4      | Reached XP level 5. HP: 34/38 MP: 9/9
  3567 | D:5      | Entered Level 5 of the Dungeon
  3570 | D:5      | Reached skill level 6 in Conjurations
  3570 | D:5      | Reached skill level 1 in Hexes
  3737 | D:5      | Noticed an ogre
  3742 | D:5      | Killed an ogre
  3743 | D:5      | Reached XP level 6. HP: 45/45 MP: 11/11
  3998 | D:5      | Noticed an ice beast
  4006 | D:5      | Killed an ice beast
  4007 | D:5      | Reached skill level 4 in Spellcasting
  4007 | D:5      | Reached skill level 2 in Hexes
  4070 | D:5      | Your scales start taking on a pale cyan-grey colour.
  4070 | D:5      | Reached XP level 7. HP: 50/50 MP: 13/13
  4070 | D:5      | Gained mutation: You are immune to the effects of steam.
                  | [Pale Draconian growth]
  4090 | D:5      | You pick up a book of Pain and begin reading...
  4090 | D:5      | You add the spells Pain, Agony and Excruciating Wounds to
                  | your library.
  4188 | D:5      | Found a runed translucent door.
  4189 | D:5      | Noticed Crazy Yiuf
  4190 | D:5      | Identified the +8 mace of Chagrin {protect, +Rage rF++
                  | Int-5}
  4242 | D:5      | Reached skill level 7 in Conjurations
  4432 | D:5      | Noticed a two-headed ogre
  4492 | D:5      | Killed a two-headed ogre
  4493 | D:5      | Reached skill level 5 in Spellcasting
  4493 | D:5      | Reached skill level 8 in Conjurations
  4493 | D:5      | Reached skill level 4 in Hexes
  4493 | D:5      | Reached XP level 8. HP: 55/57 MP: 15/15
  4618 | D:5      | Noticed Ijyb
  4620 | D:5      | Killed Ijyb
  4621 | D:5      | Reached skill level 9 in Conjurations
  4661 | D:5      | Noticed a troll
  4666 | D:5      | Killed a troll
  4721 | D:5      | Found a staircase to the Ecumenical Temple.
  4797 | Temple   | Entered the Ecumenical Temple
  4914 | Temple   | Became a worshipper of Hepliaklqana the Forgotten
  5332 | D:6      | Found an ornate altar of the Wu Jian Council.
  5403 | D:6      | Reached skill level 5 in Hexes
  5460 | D:6      | Noticed a kobold demonologist
  5499 | D:6      | Killed a kobold demonologist
  5500 | D:6      | Reached skill level 10 in Conjurations
  5500 | D:6      | Reached XP level 9. HP: 60/62 MP: 16/16
  6078 | D:6      | Reached skill level 6 in Hexes
  6083 | D:6      | Learned a level 4 spell: Iskenderun's Mystic Blast
  6239 | D:6      | Reached skill level 2 in Dodging
  6472 | D:6      | Reached skill level 1 in Fighting
  6719 | D:7      | Found a sacrificial altar of Ru.
  6890 | D:7      | Reached * piety under Hepliaklqana
  7377 | D:7      | Identified the +4 war axe of Famine {elec, Fly Will- Dex+9}
  7387 | D:7      | Reached skill level 2 in Fighting
  7666 | D:8      | Noticed a cyclops
  7669 | D:8      | Killed a cyclops
  7670 | D:8      | Reached skill level 3 in Fighting
  7670 | D:8      | Reached skill level 6 in Spellcasting
  7725 | D:8      | Reached skill level 1 in Translocations
  7871 | D:8      | Reached skill level 2 in Translocations
  7891 | D:8      | Noticed a five-headed hydra
  7919 | D:8      | Noticed a two-headed ogre
  7935 | D:8      | Killed a two-headed ogre
  7936 | D:8      | Reached skill level 11 in Conjurations
  7936 | D:8      | Reached skill level 3 in Translocations
  7936 | D:8      | Reached XP level 10. HP: 69/69 MP: 19/19
  8084 | D:8      | Killed a five-headed hydra
  8141 | D:8      | Found a flagged portal.
  8141 | D:8      | You fall into a shaft and drop 1 floor!
  8145 | D:9      | Found a runed translucent door.
  8167 | D:9      | Noticed robertstho's ghost (journeyman DjFE)
  8192 | D:9      | Reached skill level 12 in Conjurations
  8377 | D:9      | Reached ** piety under Hepliaklqana
  8534 | D:9      | Remembered your ancestor Hank as a battlemage
  8691 | D:9      | Found the +7 Singing Sword {vorpal, sonic wave}
  8900 | D:9      | Noticed Erica
  8905 | D:9      | Killed Erica
  8906 | D:9      | Reached skill level 1 in Shields
  9221 | D:8      | Found a radiant altar of Vehumet.
  9221 | D:8      | Found a shadowy altar of Dithmenos.
  9841 | D:8      | Reached skill level 4 in Fighting
 10157 | D:9      | Reached skill level 2 in Shields
 10162 | D:9      | Reached skill level 1 in Long Blades
 10162 | D:9      | Reached skill level 3 in Dodging
 10213 | D:9      | Reached XP level 11. HP: 76/76 MP: 20/20
 10227 | D:9      | Reached skill level 2 in Long Blades
 10258 | D:9      | Found the +5 robe of Night {Dark Will+ SInv}
 10643 | D:9      | Found a staircase to the Lair.
 10694 | Lair:1   | Entered Level 1 of the Lair of Beasts
 10722 | Lair:1   | Reached skill level 3 in Long Blades
 10786 | Lair:1   | Identified the ring "Wegosy" {Fire Int+4 Dex+5}
 10833 | Lair:1   | Reached skill level 4 in Long Blades
 10907 | Lair:1   | Reached *** piety under Hepliaklqana
 11064 | Lair:1   | Reached skill level 5 in Long Blades
 11223 | Lair:1   | Noticed Fannar
 11250 | Lair:1   | Killed Fannar
 11251 | Lair:1   | Reached skill level 6 in Long Blades
 11269 | Lair:1   | Noticed a five-headed hydra
 11291 | Lair:1   | Reached skill level 7 in Long Blades
 11294 | Lair:1   | Killed a five-headed hydra
 11486 | Lair:1   | Reached skill level 8 in Long Blades
 11586 | Lair:1   | Noticed an eight-headed hydra
 11623 | Lair:1   | Killed an eight-headed hydra
 11624 | Lair:1   | Reached skill level 9 in Long Blades
 12978 | Lair:2   | HP: 18/76 [poisoned by a cane toad]
 12979 | Lair:2   | Reached skill level 10 in Long Blades
 12989 | Lair:2   | Reached XP level 12. HP: 33/82 MP: 16/22
 13325 | Lair:2   | Reached skill level 3 in Shields
 13335 | Lair:2   | Reached skill level 5 in Fighting
 13342 | Lair:2   | Reached skill level 7 in Spellcasting
 13342 | Lair:2   | Reached skill level 13 in Conjurations
 13552 | Lair:2   | Noticed a catoblepas
 13558 | Lair:2   | Killed a catoblepas
 13559 | Lair:2   | Reached skill level 4 in Shields
 13717 | Lair:2   | Reached **** piety under Hepliaklqana
 14450 | Lair:3   | Reached skill level 11 in Long Blades
 14667 | Lair:3   | Noticed a seven-headed hydra
 14674 | Lair:3   | Killed a seven-headed hydra
 14841 | Lair:3   | You pick up a book of Air and begin reading...
 14841 | Lair:3   | You add the spells Shock, Swiftness and Airstrike to your
                  | library.
 14872 | Lair:3   | Reached skill level 12 in Long Blades
 15240 | Lair:3   | Noticed a death yak
 15240 | Lair:3   | Noticed a death yak
 15240 | Lair:3   | Noticed a death yak
 15240 | Lair:3   | Noticed a death yak
 15266 | Lair:3   | Killed a death yak
 15274 | Lair:3   | Killed a death yak
 15275 | Lair:3   | Reached XP level 13. HP: 45/90 MP: 14/23
 15281 | Lair:3   | HP: 22/90 [poisoned by a black mamba]
 15290 | Lair:3   | Reached skill level 13 in Long Blades
 15295 | Lair:3   | Slain by a death yak

Vanquished Creatures
  Fannar (Lair:1)
  3 hydras
  2 death yaks (Lair:3)
  2 two-headed ogres
  A cyclops (D:8)
  A black mamba (Lair:3)
  3 elephants (Lair:2)
  5 cane toads
  9 komodo dragons
  2 rime drakes
  A kobold demonologist (D:6)
  A troll (D:5)
  2 polar bears
  8 blink frogs
  9 dream sheep
  2 shadows (D:9)
  A yak (D:8)
  A wyvern (D:8)
  A basilisk (Lair:2)
  A steam dragon (D:6)
  4 water moccasins
  An orc warrior (D:9)
  A black bear (D:5)
  2 ice beasts
  An ogre (D:5)
  19 wolves
  2 kobold brigands
  A bullfrog (Lair:1)
  5 scorpions
  2 water moccasin skeletons
  2 howler monkeys (D:5)
  6 wights (D:8)
  2 electric eels (Lair:3)
  A bullfrog zombie (D:5)
  A hound (D:5)
  A jelly (D:7)
  A gnoll shaman (D:6)
  5 orc priests
  2 centaur zombies
  2 centaur skeletons
  Ijyb (D:5)
  3 orc wizards
  3 iguanas
  A howler monkey zombie (D:9)
  2 howler monkey skeletons
  9 adders
  16 gnolls
  2 shadow imps (D:5)
  A white imp (D:7)
  An ufetubus (D:6)
  2 worms
  18 orcs
  8 ball pythons
  12 bats
  4 endoplasms
  3 giant cockroaches
  2 goblins (D:1)
  9 hobgoblins
  8 jackals
  3 quokkas
  2 frilled lizards (D:1)
  17 kobolds
  6 rats
250 creatures vanquished.

Vanquished Creatures (collateral kills)
  A hydra (Lair:3)
  A catoblepas (Lair:2)
  Erica (D:9)
  A death yak (Lair:3)
  2 elephants (Lair:2)
  2 black mambas
  5 cane toads
  A rime drake (Lair:2)
  A komodo dragon (Lair:1)
  A troll (D:8)
  2 dream sheep (D:9)
  3 wyverns
  2 water moccasins
  6 wolves
  A wight (D:8)
  An orc wizard (D:9)
  A killer bee zombie (D:7)
  An orc (D:8)
  A bat (D:9)
34 creatures vanquished.

Vanquished Creatures (others)
  An ancestor (D:8)
  5 battlemagi
  35 fulminant prisms
  32 fungi
  48 plants
121 creatures vanquished.

Grand Total: 405 creatures vanquished

Table legend:
 A = Non-vault XP
 B = Vault XP
 C = Vault XP percentage of total XP
 D = Non-vault monster count
 E = Vault monster count
 F = Vault count percentage of total count
                 A         B        C        D         E       F
            +---------+---------+-------+---------+---------+-------
      Total |   30116 |   10000 |  24.9 |     227 |      57 |  20.1
            +---------+---------+-------+---------+---------+-------
        D:1 |      38 |       3 |   7.3 |      24 |       2 |   7.7
        D:2 |      17 |       0 |   0.0 |      10 |       0 |   0.0
        D:3 |     124 |       7 |   5.3 |      20 |       4 |  16.7
        D:4 |      84 |       0 |   0.0 |      13 |       0 |   0.0
        D:5 |     878 |    1405 |  61.5 |      23 |       7 |  23.3
        D:6 |    1147 |       6 |   0.5 |      19 |       2 |   9.5
        D:7 |     239 |     161 |  40.2 |       5 |       2 |  28.6
        D:8 |    1657 |    2099 |  55.9 |      20 |       5 |  20.0
        D:9 |     425 |    2917 |  87.3 |      18 |      19 |  51.4
     Lair:1 |    7827 |    1002 |  11.3 |      21 |       1 |   4.5
     Lair:2 |    9319 |       0 |   0.0 |      31 |       0 |   0.0
     Lair:3 |    8361 |    2400 |  22.3 |      23 |      15 |  39.5
            +---------+---------+-------+---------+---------+-------

Illustrated notes

Table legend:
 A = Kills in this place as a percentage of kills in entire the game.
 B = Kills by you in this place as a percentage of kills by you in the entire game.
 C = Kills by friends in this place as a percentage of kills by friends in the entire game.
 D = Other kills in this place as a percentage of other kills in the entire game.
 E = Experience gained in this place as a percentage of experience gained in the entire game.
 F = Experience gained in this place divided by the number of levels of this place that you have seen.
                   A       B       C       D       E      F
               +-------+-------+-------+-------+-------+----------------------
         Total | 100.0 | 100.0 | 100.0 |   N/A | 100.0 | 3085.8
       Dungeon |  68.0 |  73.2 |  29.4 |   N/A |  27.9 | 1245.2
          Lair |  32.0 |  26.8 |  70.6 |   N/A |  72.1 | 9636.3
               +-------+-------+-------+-------+-------+----------------------

Table legend: (Time is in decaauts)
 A = Elapsed time spent in this place.
 B = Non-inter-level travel time spent in this place.
 C = Inter-level travel time spent in this place.
 D = Time resting spent in this place.
 E = Time spent auto-exploring this place.
 F = Levels seen in this place.
 G = Mean time per level.
                   A        B        C        D        E       F      G
               +--------+--------+--------+--------+--------+-----+--------+
         Total |  15394 |  14892 |    502 |   2986 |   9340 |  13 | 1184.2 |
       Dungeon |  10597 |  10163 |    434 |   1494 |   6935 |   9 | 1177.4 |
        Temple |    182 |    161 |     21 |      0 |    118 |   1 |  182.0 |
          Lair |   4614 |   4567 |     47 |   1492 |   2286 |   3 | 1538.0 |
               +--------+--------+--------+--------+--------+-----+--------+

Top non-repeatable levels by time:
  Lair:2: 1890 daAuts
  Lair:1: 1811 daAuts
     D:5: 1633 daAuts
     D:9: 1598 daAuts
     D:8: 1430 daAuts
     D:6: 1398 daAuts
     D:1: 1069 daAuts
     D:3: 1004 daAuts
     D:7: 949 daAuts
  Lair:3: 912 daAuts
     D:2: 883 daAuts
     D:4: 631 daAuts
  Temple: 182 daAuts
